 Dungeon Crawl Stone Soup version 0.29-a0-483-g69413ace17 (webtiles) character file.

Game seed: 17863019125618493330

46972 zeratav the Grand Scion (level 14, -6/122 HPs)
             Began as a Troll Fighter on May 24, 2022.
             Was a High Priest of Hepliaklqana.
             Mangled by an orc knight
             ... wielding a +0 bardiche
              (23 damage)
             ... on level 2 of the Orcish Mines on May 25, 2022.
             The game lasted 00:52:03 (17632 turns).

zeratav the Grand Scion (Troll Fighter)            Turns: 17632, Time: 00:52:04

Health: -6/122     AC:  4    Str: 37      XL:     14   Next: 6%
Magic:  0/22       EV: 11    Int:  1 (4)  God:    Hepliaklqana [*****.]
Gold:   1607       SH: 10    Dex:  9      Spells: 13/13 levels left

rFire   . . .      SeeInvis .     - Unarmed
rCold   . . .      Faith    .   b - +0 kite shield
rNeg    . . .      Spirit   +   g - +1 troll leather armour
rPois   .          Reflect  .   Q - +0 hat {Stlth+}
rElec   .          Harm     .   z - +0 cloak
rCorr   .          Rampage  .   (gloves unavailable)
Will    ++...                   (boots unavailable)
Stlth   ++........              v - amulet of guardian spirit
HPRegen 1.90/turn               u - +6 ring of strength
MPRegen 0.18/turn               t - ring of willpower

@: mighty, lethally poisoned (-6 -> -8), about to teleport, corroded
A: reduced essence, large, unfitting armour, claws 3, regeneration 1, shaggy fur
1, tough skin 1
a: Renounce Religion, Recall Ancestor, Ancestor Identity, Transference, Idealise


You were on level 2 of the Orcish Mines.
You worshipped Hepliaklqana.
Hepliaklqana was extremely pleased with you.
You visited 3 branches of the dungeon, and saw 19 of its levels.

You collected 1813 gold pieces.
You spent 206 gold pieces at shops.


Innate Abilities, Weirdness & Mutations

Your life essence is reduced to manifest your ancestor. (-10% HP)
You are too large for most types of armour.
You have claws for hands.
Your natural rate of healing is unusually fast.
You are covered in fur. (AC +1)
You have tough skin. (AC +1)


   Skills:
 - Level 8.0 Fighting
 - Level 10.0 Dodging
 - Level 10.0 Shields
 - Level 11.0 Unarmed Combat
 + Level 12.9 Invocations


You had 13 spell levels left.
You didn't know any spells.
Your spell library contained the following spells:

 Spells                   Type           Power      Damage    Failure   Level
 Freeze                   Ice            0%         1d3       82%         1
 Sting                    Tmut/Pois      0%         1d3       82%         1
 Poisonous Vapours        Pois/Air       0%         N/A       91%         2
 Sublimation of Blood     Necr           0%         N/A       91%         2
 Wereblood                Tmut           0%         N/A       91%         2
 Frozen Ramparts          Ice            0%         1d2       99%         3
 Portal Projectile        Hex/Tloc       0%         N/A       99%         3
 Tukima's Dance           Hex            0%         N/A       99%         3
 Anguish                  Hex/Necr       0%         N/A       100%        4
 Hailstorm                Conj/Ice       0%         3d3       100%        4
 Ice Form                 Ice/Tmut       0%         N/A       100%        4
 Leda's Liquefaction      Hex/Erth       0%         N/A       100%        4
 Olgreb's Toxic Radiance  Pois           0%         N/A       100%        4
 Passage of Golubria      Tloc           0%         N/A       100%        4
 Blade Hands              Tmut           0%         N/A       100%        5
 Lee's Rapid Deconstruct  Erth           0%         3d5*      100%        5
 Yara's Violent Unravell  Hex/Tmut       0%         3d3       100%        5
 Simulacrum               Ice/Necr       0%         N/A       100%        6
 Statue Form              Tmut/Erth      0%         N/A       100%        6
 Enfeeble                 Hex            0%         N/A       100%        7
 Summon Hydra             Summ           0%         N/A       100%        7
 Chain Lightning          Conj/Air       0%         N/A       100%        9
 Fire Storm               Conj/Fire      0%         5d1       100%        9
 Shatter                  Erth           0%         3d5*      100%        9

Inventory:

Hand Weapons
 L - the +5 glaive "Cukko Deqomn" {vorpal, +Blink rPois Stlth-, polearm}
   (You took it off a centaur on level 11 of the Dungeon)

   It inflicts extra damage upon your enemies.
   rPois:     It protects you from poison.
   +Blink:    It lets you blink.
   Stlth:     It makes you less stealthy.
 T - a +0 flail {mace}
   (You found it on level 5 of the Lair of Beasts)
Armour
 a - a +0 robe
   (You took it off an orc wizard on level 2 of the Orcish Mines)
 b - a +0 kite shield (worn)
 g - a +1 troll leather armour (worn)
   (You found it on level 10 of the Dungeon)
 q - a +1 robe of cold resistance
   (You took it off Fannar on level 3 of the Lair of Beasts)
 z - a +0 cloak (worn)
   (You bought it in a shop on level 7 of the Dungeon)
 A - a +0 robe
   (You took it off Josephine on level 1 of the Orcish Mines)
 D - a +0 robe
   (You found it on level 1 of the Orcish Mines)
 I - a +0 robe
   (You took it off an orc sorcerer on level 2 of the Orcish Mines)
 M - +0 acid dragon scales
   (You took it off Maggie on level 8 of the Dungeon)
 Q - a +0 hat of stealth (worn)
   (You took it off Gastronok on level 2 of the Lair of Beasts)
 S - a +1 hat
   (You found it on level 3 of the Lair of Beasts)
 U - a +0 robe
   (You took it off an orc wizard on level 2 of the Orcish Mines)
Jewellery
 t - a ring of willpower (right claw)
   (You found it on level 6 of the Dungeon)
 u - a +6 ring of strength (left claw)
   (You found it on level 5 of the Dungeon)
 v - an amulet of guardian spirit (around neck)
   (You found it on level 5 of the Dungeon)
 y - a ring of wizardry
   (You found it on level 11 of the Dungeon)
 J - a +6 ring of strength
   (You found it on level 1 of the Lair of Beasts)
 K - a ring of ice
   (You found it on level 10 of the Dungeon)
 P - a ring of ice
   (You took it off Fannar on level 3 of the Lair of Beasts)
 R - a +6 ring of intelligence
   (You found it on level 3 of the Lair of Beasts)
Wands
 h - a wand of paralysis (9)
   (You found it on level 6 of the Dungeon)
 B - a wand of iceblast (6)
   (You found it on level 10 of the Dungeon)
 C - a wand of flame (33)
   (You took it off Joseph on level 8 of the Dungeon)
Scrolls
 d - 2 scrolls of summoning
 i - 3 scrolls of fog
 j - 4 scrolls of magic mapping {!r}
 l - 2 scrolls of immolation {!r!r}
 m - 7 scrolls of enchant weapon
 o - a scroll of teleportation {@r4}
 r - 2 scrolls of amnesia
 x - 4 scrolls of enchant armour
 E - 2 scrolls of identify {@r1}
 H - a scroll of poison {!r}
 N - 2 scrolls of silence {!r}
 O - 4 scrolls of torment {!r}
Potions
 c - 3 potions of might
 e - 7 potions of curing {@q1}
 f - a potion of lignification {!q}
 k - 3 potions of mutation {!q}
 n - 6 potions of attraction {!q}
 p - a potion of flight {unknown}
 s - 2 potions of berserk rage {unknown}
 w - 5 potions of magic
 F - a potion of brilliance {unknown}
 G - 2 potions of cancellation {unknown}

Dungeon Overview and Level Annotations

Branches:
Dungeon (12/15)            Temple (0/1) D:6            Lair (5/6) D:9
  Swamp (0/4) Lair:4       Spider (0/4) Lair:2        Slime (0/5) Lair:5
    Orc (2/2) D:12            Elf (0/3) Orc:2

Altars:
Hepliaklqana
Kikubaaqudgha
Qazlal
Sif Muna
Wu Jian
Xom
Zin
Beogh
Jiyva

Shops:
D:7 [   D:11 !   D:12 !

Annotations:
Lair:2 Amaemon

#.###....#...............#.......
..##.#...........................
.................#...............
..##.#...........................
######.................##........
##..........................
##...........................
#..........................#<
##..#.......@o..........#....
#.........#4................
#..........o4...............
##.##...#)3.................
##.#.....##..........#.......
#............................
##.#.....##..........#.......
###..........#..............
#..........................


You could see an orc knight, a soul eater (summoned), an orange demon
(summoned), a rust devil (summoned) and an orc sorcerer (strong).


Message History

You block the orc knight's attack.
HP[+2]
You regained 2 hp, and now have 113/122 hp.
You mangle the orc knight!!
The orc knight hits you with a +0 bardiche!!
HP[-23] MP[-3]
You take 23 damage, and now have 90/122 hp.
You lost 3 mp, and now have 11/22 mp.
You scratch the orc knight but do no damage.
The red devil disappears in a puff of smoke!
The orc knight hits you with a +0 bardiche!!
The orc high priest calls down the wrath of Beogh upon you.
Beogh smites you!
* * * LOW HITPOINT WARNING * * *
HP[-35] MP[-4]
You take 35 damage, and now have 55/122 hp.
MASSIVE DAMAGE!! (PAUSE)
You lost 4 mp, and now have 7/22 mp.
You claw the orc knight! You block the orc knight's attack.
HP[+2]
You regained 2 hp, and now have 57/122 hp.
You closely miss the orc knight. You block the orc knight's attack.
HP[+2]
You regained 2 hp, and now have 59/122 hp.
You claw the orc knight! You block the sun demon's attack.
The orc sorcerer gestures wildly while chanting.
The sun demon hits you!
* * * LOW HITPOINT WARNING * * *
You are engulfed in flames!
* * * LOW HITPOINT WARNING * * *
HP[-21] MP[-3]
You take 21 damage, and now have 38/122 hp.
You lost 3 mp, and now have 4/22 mp.
You mangle the orc high priest!!
The orc sorcerer no longer looks unusually strong.
The orc high priest no longer looks unusually strong.
The orc knight roars a battlecry!
The orcs go into a battle-frenzy!
The orc high priest closely misses you.
The orc sorcerer mumbles some strange words.
You block the sun demon's attack.
HP[+2]
You regained 2 hp, and now have 40/122 hp.
You mangle the orc high priest!!
You kill the orc high priest!
The neqoxec disappears in a puff of smoke!
The sun demon disappears in a puff of smoke!
The soul eater hits Takurtum!
You block the orc knight's attack.
The orc sorcerer casts a spell.
HP[+2] MP[+1]
You regained 2 hp, and now have 42/122 hp.
You claw the orc knight! The orange demon stings you from afar.
* * * LOW HITPOINT WARNING * * *
The soul eater hits Takurtum!
The orc knight hits you with a +0 bardiche!
* * * LOW HITPOINT WARNING * * *
The orc sorcerer hits Takurtum but does no damage.
HP[-8] MP[-1]
You take 8 damage, and now have 34/122 hp.
You lost 1 mp, and now have 4/22 mp.
You feel better.
The orange demon stings you but does no damage.
The soul eater hits Takurtum!
The orc knight hits you with a +0 bardiche!
* * * LOW HITPOINT WARNING * * *
The orc sorcerer hits Takurtum with a +2 dagger of venom.
HP[-3] MP[-1]
You take 3 damage, and now have 31/122 hp.
You lost 1 mp, and now have 3/22 mp.
You feel very mighty all of a sudden. The orange demon stings you from afar.
* * * LOW HITPOINT WARNING * * *
You are poisoned.
The orange demon poisons you!
The soul eater draws from the surrounding life force!
* * * LOW HITPOINT WARNING * * *
The orc knight barely misses you.
The orc sorcerer hits Takurtum with a +2 dagger of venom.
HP[-9] MP[-1]
You take 9 damage, and now have 22/122 hp.
You lost 1 mp, and now have 2/22 mp.
You feel better. The rust devil hits you. The rust devil corrodes you!
The orange demon stings you from afar!
* * * LOW HITPOINT WARNING * * *
You are poisoned.
The orange demon poisons you!
The soul eater hits Takurtum!!
Takurtum is destroyed!
The orc knight barely misses you.
HP[+4] MP[-1]
You regained 4 hp, and now have 26/122 hp.
You lost 1 mp, and now have 1/22 mp.
As you read the scroll of teleportation {@r4}, it crumbles to dust.
You feel strangely unstable.
You feel very sick. You block the rust devil's attack.
The orange demon stings you from afar!
* * * LOW HITPOINT WARNING * * *
The soul eater draws from the surrounding life force!
* * * LOW HITPOINT WARNING * * *
The orc knight hits you with a +0 bardiche!!
You die...

Skill      XL: |  1  2  3  4  5  6  7  8  9 10 11 12 13 |
---------------+----------------------------------------+-----
Unarmed Combat | 3 4 5 6 7 8 9 11 | 11.0
Fighting       | 3 4 6 8 |  8.0
Shields        | 3 6 10 | 10.0
Dodging        | 3 6 8 10 | 10.0
Invocations    | 7 12 | 12.9

Action                   |  1- 3 |  4- 6 |  7- 9 | 10-12 | 13-15 || total
-------------------------+-------+-------+-------+-------+-------++-------
Melee: Unarmed           |   135 |    92 |   151 |   403 |   308 ||  1089
       Flail             |       |       |       |       |     4 ||     4
Invok: Ancestor Life: Kn |       |       |     1 |       |       ||     1
       Recall Ancestor   |       |       |       |     1 |     2 ||     3
  Use: Scroll            |       |       |       |    17 |    14 ||    31
       Potion            |       |       |       |     3 |    11 ||    14
 Stab: Sleeping          |     1 |       |       |       |     1 ||     2
       Distracted        |       |       |     3 |     2 |     2 ||     7
       Invisible         |       |       |       |       |     2 ||     2
Armor: Robe              |    39 |    30 |    18 |       |       ||    87
       Steam dragon scal |       |       |    27 |     5 |       ||    32
       Acid dragon scale |       |       |       |    19 |       ||    19
       Troll leather arm |       |       |       |    82 |    84 ||   166
Dodge: Dodged            |    31 |    23 |    59 |   194 |   164 ||   471
Block: Kite shield       |    36 |    34 |    47 |   200 |   165 ||   482

Levels and vault maps discovered:
D:1:      dpeg_arrival_oval, layout_basic
D:2:      layout_basic, minmay_pentomino_o2
D:3:      layout_basic, hangedman_abyss_or_decor_stabs
D:4:      layout_basic, kennysheep_little_box, chequers_arboretum,
          minmay_between
D:5:      layout_rooms, mainiacjoe_overflow_swirl
D:6:      layout_loops_cross, mainiacjoe_overflow_large_starburst,
          minmay_temple_entry_gardened_gates, serial_co_window_serial,
          co_window_paths_b, co_window_corner_a, co_window_paths_b,
          co_window_corner_a, co_window_paths_a, co_window_paths_a,
          co_window_paths_c, co_window_broadway_b, co_window_corner_b,
          co_window_corner_ca, co_window_of_opportunity_c, glass_columns_b,
          glass_columns_a, glass_columns_a, glass_columns_a, glass_columns_a,
          kennysheep_doodads, minmay_unpleasant_kobolds
D:7:      layout_basic, mainiacjoe_overflow_paths, serial_shops,
          nicolae_shop_crystal
D:8:      layout_cave_pools, uniq_prince_ribbit1, uniq_joseph, uniq_maggie,
          uniq_psyche
D:9:      layout_irregular_city, lair_entry_dummy, eino_tiny_chamber
D:10:     layout_roguey, item_on_display_a
D:11:     layout_big_octagon, serial_shops, nicolae_shop_statue_plus,
          uniq_erolcha
D:12:     layout_basic, hiddenorc1_lemuel, serial_shops,
          nicolae_take_the_stairs, kiku_gazebo_pond_becter
Lair:1:   layout_regular_city, minivault_23, infiniplex_staircase_pool
Lair:2:   layout_regular_city, nicolae_spider_entry_orb_guardian, basic_altar,
          grunt_megastairs_4, uniq_amaemon, uniq_gastronok
Lair:3:   layout_roguey, uniq_fannar
Lair:4:   layout_regular_city, palyth_hydra_swamp_entry, minivault_24,
          hangedman_lair_generics_rect
Lair:5:   layout_long_grid, slime_altar_1
Orc:1:    layout_diamond_mine, basic_altar, uniq_josephine
Orc:2:    grunt_orc_tribal_feast, layout_caves, mines1_david

Notes
Turn   | Place    | Note
-------+----------+-------------------------------------------
     0 | D:1      | zeratav the Troll Fighter began the quest for the Orb.
     0 | D:1      | Reached XP level 1. HP: 22/22 MP: 0/0
     0 | D:1      | magus.rc [v1.9.6]
   204 | D:1      | Reached XP level 2. HP: 29/29 MP: 1/1
   303 | D:1      | Reached skill level 3 in Unarmed Combat
   667 | D:1      | Reached XP level 3. HP: 36/36 MP: 2/2
   967 | D:2      | You add the spells Sting, Poisonous Vapours and Olgreb's
                  | Toxic Radiance to your library.
   993 | D:2      | Reached skill level 4 in Unarmed Combat
  1563 | D:3      | Reached XP level 4. HP: 38/44 MP: 3/3
  2093 | D:3      | Reached skill level 5 in Unarmed Combat
  2338 | D:4      | Reached XP level 5. HP: 50/50 MP: 4/4
  2437 | D:4      | Reached skill level 6 in Unarmed Combat
  2477 | D:4      | You pick up a book of Weapons and begin reading...
  2477 | D:4      | You add the spells Tukima's Dance, Portal Projectile and
                  | Blade Hands to your library.
  2537 | D:4      | Reached XP level 6. HP: 59/59 MP: 5/5
  2641 | D:4      | Found a hazy altar of Hepliaklqana.
  2712 | D:4      | magus.rc [v1.9.6]
  2757 | D:4      | Became a worshipper of Hepliaklqana the Forgotten
  2768 | D:5      | Entered Level 5 of the Dungeon
  2851 | D:5      | Noticed a water moccasin
  2859 | D:5      | Killed a water moccasin
  2860 | D:5      | Reached skill level 7 in Unarmed Combat
  3200 | D:5      | Found an ornate altar of the Wu Jian Council.
  3280 | D:5      | Found a stormy altar of Qazlal.
  3407 | D:6      | Found a staircase to the Ecumenical Temple.
  3410 | D:6      | Reached skill level 3 in Fighting
  3410 | D:6      | Reached XP level 7. HP: 59/67 MP: 6/6
  3852 | D:6      | Reached * piety under Hepliaklqana
  3921 | D:6      | Found a shimmering blue altar of Sif Muna.
  3928 | D:6      | Found a shimmering altar of Xom.
  4555 | D:7      | Reached skill level 8 in Unarmed Combat
  4656 | D:7      | Reached skill level 4 in Fighting
  4669 | D:7      | Found a glowing silver altar of Zin.
  4760 | D:7      | Noticed a steam dragon
  4763 | D:7      | Reached XP level 8. HP: 51/71 MP: 3/7
  5001 | D:7      | Found Zilutuc's Antique Armour Shoppe.
  5010 | D:7      | Bought a cloak for 85 gold pieces
  5063 | D:7      | HP: 17/71 [poisoned by a kobold brigand]
  5068 | D:7      | HP: 16/71 [poisoned by a kobold brigand]
  5476 | D:7      | Reached skill level 5 in Fighting
  5476 | D:7      | Reached skill level 9 in Unarmed Combat
  5604 | D:7      | Identified the +5 whip "Pum Feo" {flame, Int+4}
  5686 | D:7      | Reached ** piety under Hepliaklqana
  5740 | D:7      | Remembered your ancestor Takurtum as a knight
  5766 | D:8      | Noticed Joseph
  5776 | D:8      | Killed Joseph
  5827 | D:8      | Reached skill level 6 in Fighting
  5858 | D:8      | Reached XP level 9. HP: 80/80 MP: 8/8
  5861 | D:8      | Reached skill level 10 in Unarmed Combat
  5883 | D:8      | Killed an unseen horror
  5988 | D:8      | Noticed Prince Ribbit
  5995 | D:8      | Killed Prince Ribbit
  5996 | D:8      | Reached skill level 7 in Fighting
  6078 | D:8      | Reached skill level 11 in Unarmed Combat
  6087 | D:8      | Reached skill level 8 in Fighting
  6087 | D:8      | Reached skill level 3 in Shields
  6183 | D:8      | Reached skill level 3 in Dodging
  6186 | D:8      | Reached XP level 10. HP: 67/93 MP: 5/9
  6223 | D:8      | Noticed Maggie
  6232 | D:8      | Killed Maggie
  6267 | D:8      | Reached skill level 4 in Shields
  6272 | D:8      | Reached skill level 4 in Dodging
  6354 | D:8      | Noticed Psyche
  6361 | D:8      | Killed Psyche
  6588 | D:9      | Reached skill level 5 in Shields
  6805 | D:9      | Reached skill level 5 in Dodging
  7003 | D:9      | Found a staircase to the Lair.
  7024 | D:9      | Noticed a two-headed ogre
  7040 | D:9      | Killed a two-headed ogre
  7041 | D:9      | Reached skill level 6 in Shields
  7383 | D:9      | You add the spells Passage of Golubria and Yara's Violent
                  | Unravelling to your library.
  7647 | D:10     | Entered Level 10 of the Dungeon
  7651 | D:10     | You pick up a book of Maledictions and begin reading...
  7651 | D:10     | You add the spells Anguish and Enfeeble to your library.
  7796 | D:10     | Reached skill level 6 in Dodging
  7850 | D:10     | Noticed a two-headed ogre
  7854 | D:10     | Killed a two-headed ogre
  7855 | D:10     | Reached XP level 11. HP: 99/99 MP: 10/10
  7932 | D:10     | Reached *** piety under Hepliaklqana
  7978 | D:10     | Reached skill level 7 in Shields
  8191 | D:11     | Found Aphek's Distillery.
  8199 | D:11     | Bought a potion of curing for 33 gold pieces
  8199 | D:11     | Bought a potion of curing for 33 gold pieces
  8199 | D:11     | Bought a potion of heal wounds for 55 gold pieces
  8264 | D:11     | Noticed Erolcha
  8273 | D:11     | HP: 9/99 [something (25)]
  8297 | D:11     | Killed Erolcha
  8413 | D:11     | Reached skill level 7 in Dodging
  8555 | D:11     | Identified the +5 glaive "Cukko Deqomn" {vorpal, +Blink
                  | rPois Stlth-}
  8563 | D:11     | Reached skill level 8 in Shields
  8567 | D:11     | HP: 22/99 [centaur/the +5 glaive "Cukko Deqomn" {vorpal,
                  | +Blink rPois Stlth-} (3)]
  8761 | D:11     | You pick up a book of the Earth and begin reading...
  8761 | D:11     | You add the spells Leda's Liquefaction, Lee's Rapid
                  | Deconstruction and Statue Form to your library.
  8819 | D:11     | You pick up a book of Weapons and begin reading...
  8823 | D:11     | Upgraded the game from 0.29-a0-477-g62b78b4225 to
                  | 0.29-a0-483-g69413ace17
  8823 | D:11     | magus.rc [v1.9.6]
  8911 | D:12     | Found a staircase to the Orcish Mines.
  8964 | D:12     | Found an ancient bone altar of Kikubaaqudgha.
  8965 | D:12     | Noticed a deep elf pyromancer
  8974 | D:12     | Killed a deep elf pyromancer
  8995 | D:12     | Found Jiameafu's Distillery.
  9115 | D:12     | Noticed a brown ugly thing
  9124 | D:12     | Killed a brown ugly thing
  9242 | D:12     | Reached skill level 9 in Shields
  9333 | D:12     | Reached **** piety under Hepliaklqana
  9359 | D:12     | Noticed a green ugly thing
  9369 | D:12     | Killed a green ugly thing
  9620 | D:12     | Noticed a boulder beetle
  9636 | D:12     | Killed a boulder beetle
  9934 | Lair:1   | Entered Level 1 of the Lair of Beasts
  9943 | Lair:1   | Reached skill level 10 in Shields
  9988 | Lair:1   | You pick up a book of Annihilations and begin reading...
  9988 | Lair:1   | You add the spells Chain Lightning, Fire Storm and Shatter
                  | to your library.
 10202 | Lair:1   | Reached skill level 8 in Dodging
 10343 | Lair:1   | Reached XP level 12. HP: 107/107 MP: 11/11
 10375 | Lair:1   | You pick up a book of Frost and begin reading...
 10375 | Lair:1   | You add the spells Freeze, Frozen Ramparts and Hailstorm to
                  | your library.
 10596 | Lair:1   | Reached skill level 9 in Dodging
 10929 | Lair:2   | You fall into a shaft and drop 2 floors!
 10986 | Lair:4   | Reached ***** piety under Hepliaklqana
 11213 | Lair:2   | Noticed Gastronok
 11267 | Lair:2   | Killed Gastronok
 11268 | Lair:2   | Reached skill level 10 in Dodging
 11268 | Lair:2   | Reached skill level 1 in Invocations
 11338 | Lair:2   | Reached skill level 2 in Invocations
 11386 | Lair:2   | Reached skill level 3 in Invocations
 11426 | Lair:2   | Found a hazy altar of Hepliaklqana.
 11589 | Lair:2   | Noticed Amaemon
 11689 | Lair:2   | Found a hole to the Spider Nest.
 11703 | Lair:2   | Reached skill level 4 in Invocations
 11871 | Lair:3   | Noticed a death yak
 11872 | Lair:3   | Noticed a death yak
 11872 | Lair:3   | Noticed a death yak
 11872 | Lair:3   | Noticed a death yak
 11880 | Lair:3   | Noticed a death yak
 11883 | Lair:3   | Killed a death yak
 11887 | Lair:3   | Killed a death yak
 11888 | Lair:3   | Reached skill level 5 in Invocations
 11891 | Lair:3   | Killed a death yak
 11893 | Lair:3   | HP: 25/107 [death yak (4)]
 11895 | Lair:3   | HP: 11/107 [death yak (17)]
 11905 | Lair:3   | Killed a death yak
 11906 | Lair:3   | Reached skill level 6 in Invocations
 12354 | Lair:3   | Noticed a six-headed hydra
 12366 | Lair:3   | HP: 25/107 [eight-headed hydra (4)]
 12368 | Lair:3   | HP: 7/107 [nine-headed hydra (9)]
 12369 | Lair:3   | Noticed Fannar
 12370 | Lair:3   | Killed a ten-headed hydra
 12446 | Lair:3   | Killed Fannar
 12447 | Lair:3   | Reached skill level 7 in Invocations
 12693 | Lair:3   | Killed a death yak
 12694 | Lair:3   | Reached XP level 13. HP: 103/114 MP: 13/17
 12823 | Lair:3   | Reached skill level 8 in Invocations
 13479 | Lair:4   | Reached skill level 9 in Invocations
 13993 | Lair:4   | Reached skill level 10 in Invocations
 14282 | Lair:4   | HP: 26/114 [eight-headed hydra (9)]
 14282 | Lair:4   | HP: 1/114 [death yak (16)]
 14289 | Lair:4   | HP: 3/114 [death yak (25)]
 14986 | Lair:4   | You pick up a book of Blood and begin reading...
 14986 | Lair:4   | You add the spells Sublimation of Blood, Wereblood and
                  | Summon Hydra to your library.
 15017 | Lair:4   | Reached skill level 11 in Invocations
 15076 | Lair:4   | Found a staircase to the Swamp.
 15576 | Lair:5   | You pick up a book of the Tundra and begin reading...
 15576 | Lair:5   | You add the spells Ice Form and Simulacrum to your library.
 15582 | Lair:5   | Found a staircase to the Slime Pits.
 15583 | Lair:5   | Found a viscous altar of Jiyva.
 15913 | Lair:5   | Reached skill level 12 in Invocations
 16181 | Lair:5   | HP: 20/114 [seven-headed hydra (9)]
 16524 | Orc:1    | Entered Level 1 of the Orcish Mines
 16606 | Orc:1    | Noticed Josephine
 16619 | Orc:1    | Killed Josephine
 16634 | Orc:1    | HP: 25/113 [wraith[Josephine] (6)]
 16640 | Orc:1    | HP: 17/113 [orc sorcerer/bolt of fire (20)]
 16911 | Orc:2    | Entered Level 2 of the Orcish Mines
 16988 | Orc:2    | Found a staircase to the Elven Halls.
 17114 | Orc:2    | HP: 21/114 [orc knight/+0 long sword (20)]
 17120 | Orc:2    | HP: 13/114 [orc warrior/+0 trident (16)]
 17500 | Orc:2    | Reached XP level 14. HP: 59/122 MP: 8/22
 17630 | Orc:2    | HP: 22/122 [soul eater/drain life[an orc sorcerer] (10)]
 17632 | Orc:2    | Mangled by an orc knight

Vanquished Creatures
  Josephine (Orc:1)
  Erolcha (D:11)
  2 hydras
  A boulder beetle (D:12)
  A two-headed ogre (D:10)
  8 death yaks
  2 orc high priests (Orc:2)
  An orb spider (Lair:2)
  An orc knight (Orc:2)
  A deep elf pyromancer (D:12)
  An orc sorcerer (Orc:2)
  An oklob plant (Lair:4)
  A black mamba (Lair:5)
  5 cane toads
  2 torpor snails
  7 komodo dragons
  A rime drake (Lair:4)
  2 trolls
  A tyrant leech (Lair:4)
  Prince Ribbit (D:8)
  9 blink frogs
  4 dream sheep
  A shadow (D:10)
  4 wraiths
  4 basilisks
  19 yaks
  4 steam dragons
  4 vampire mosquitoes (D:12)
  A warg (Orc:1)
  3 swamp worms (Lair:4)
  2 acid dragons (D:11)
  7 water moccasins
  5 orc warriors
  An ice beast (D:8)
  14 wolves
  An ogre (Orc:2)
  A phantom (D:7)
  5 centaurs
  2 kobold brigands
  11 bullfrogs
  A gnoll sergeant (D:11)
  2 scorpions
  12 wights
  3 killer bees (D:9)
  4 howler monkeys
  An electric eel (Lair:1)
  A jelly (D:5)
  9 orc priests
  7 iguanas
  5 orc wizards
  7 adders
  2 gnolls (D:11)
  A shadow imp (D:5)
  A white imp (D:6)
  An ufetubus (D:5)
  3 worms (D:2)
  A dart slug (D:1)
  35 orcs
  9 ball pythons
  6 bats
  7 endoplasms
  5 giant cockroaches
  4 goblins
  10 hobgoblins
  3 jackals (D:4)
  22 kobolds
  2 quokkas
  4 frilled lizards
  7 rats
  A bush (Lair:5)
319 creatures vanquished.

Vanquished Creatures (collateral kills)
  Gastronok (Lair:2)
  A boulder beetle (Lair:4)
  Fannar (Lair:3)
  3 hydras
  A two-headed ogre (D:9)
  3 death yaks (Lair:3)
  An orc knight (Orc:2)
  2 ugly things (D:12)
  An orc sorcerer (Orc:2)
  A manticore (D:11)
  2 black mambas
  Joseph (D:8)
  3 cane toads
  Maggie (D:8)
  An unseen horror (D:8)
  Psyche (D:8)
  A kobold demonologist (D:11)
  A komodo dragon (Lair:4)
  A troll (Orc:2)
  2 blink frogs (Lair:2)
  2 dream sheep
  3 wraiths
  A wyvern (Lair:3)
  9 yaks
  A basilisk (D:12)
  A steam dragon (D:8)
  2 acid dragons
  2 water moccasins
  2 wargs
  2 orc warriors
  3 wolves
  4 centaurs
  A kobold brigand (D:7)
  5 bullfrogs
  2 killer bees (D:9)
  2 orc priests
  3 orc wizards (Orc:2)
  A gnoll (D:11)
  13 orcs
  6 kobolds
  A bush (Lair:4)
95 creatures vanquished.

Vanquished Creatures (others)
  5 knights
  An orc priest (Orc:2)
  An orc wizard (Orc:1)
  17 fungi
  21 plants
45 creatures vanquished.

Grand Total: 459 creatures vanquished

Table legend:
 A = Non-vault XP
 B = Vault XP
 C = Vault XP percentage of total XP
 D = Non-vault monster count
 E = Vault monster count
 F = Vault count percentage of total count
                 A         B        C        D         E       F
            +---------+---------+-------+---------+---------+-------
      Total |   48066 |   19037 |  28.4 |     334 |      78 |  18.9
            +---------+---------+-------+---------+---------+-------
        D:1 |      44 |       0 |   0.0 |      27 |       0 |   0.0
        D:2 |      47 |       2 |   4.1 |      21 |       1 |   4.5
        D:3 |     102 |       0 |   0.0 |      13 |       0 |   0.0
        D:4 |     111 |      93 |  45.6 |      12 |       2 |  14.3
        D:5 |     275 |       0 |   0.0 |       9 |       0 |   0.0
        D:6 |     358 |       7 |   1.9 |      20 |       6 |  23.1
        D:7 |    1071 |       0 |   0.0 |      18 |       0 |   0.0
        D:8 |    3794 |    1481 |  28.1 |      27 |       4 |  12.9
        D:9 |    2072 |       0 |   0.0 |      27 |       0 |   0.0
       D:10 |    2000 |       0 |   0.0 |       9 |       0 |   0.0
       D:11 |    2989 |     878 |  22.7 |      18 |       1 |   5.3
       D:12 |    3746 |     216 |   5.5 |      13 |      17 |  56.7
     Lair:1 |    4672 |       0 |   0.0 |      25 |       0 |   0.0
     Lair:2 |    2946 |    2981 |  50.3 |      11 |       6 |  35.3
     Lair:3 |   10601 |     876 |   7.6 |      26 |       1 |   3.7
     Lair:4 |    5505 |    6653 |  54.7 |      15 |      15 |  50.0
     Lair:5 |    5656 |       0 |   0.0 |      22 |       0 |   0.0
      Orc:1 |     686 |    1975 |  74.2 |      12 |       6 |  33.3
      Orc:2 |    1391 |    3875 |  73.6 |       9 |      19 |  67.9
            +---------+---------+-------+---------+---------+-------

Illustrated notes

Table legend:
 A = Kills in this place as a percentage of kills in entire the game.
 B = Kills by you in this place as a percentage of kills by you in the entire game.
 C = Kills by friends in this place as a percentage of kills by friends in the entire game.
 D = Other kills in this place as a percentage of other kills in the entire game.
 E = Experience gained in this place as a percentage of experience gained in the entire game.
 F = Experience gained in this place divided by the number of levels of this place that you have seen.
                   A       B       C       D       E      F
               +-------+-------+-------+-------+-------+----------------------
         Total | 100.0 | 100.0 | 100.0 |   N/A | 100.0 | 3531.7
       Dungeon |  59.5 |  62.9 |  47.9 |   N/A |  28.7 | 1607.2
          Lair |  29.4 |  28.6 |  31.9 |   N/A |  59.4 | 7978.0
  Orcish Mines |  11.2 |   8.5 |  20.2 |   N/A |  11.8 | 3963.5
               +-------+-------+-------+-------+-------+----------------------

Table legend: (Time is in decaauts)
 A = Elapsed time spent in this place.
 B = Non-inter-level travel time spent in this place.
 C = Inter-level travel time spent in this place.
 D = Time resting spent in this place.
 E = Time spent auto-exploring this place.
 F = Levels seen in this place.
 G = Mean time per level.
                   A        B        C        D        E       F      G
               +--------+--------+--------+--------+--------+-----+--------+
         Total |  17632 |  16709 |    923 |   3551 |   8349 |  19 |  928.0 |
       Dungeon |   9983 |   9454 |    529 |   1066 |   6842 |  12 |  831.9 |
          Lair |   6508 |   6187 |    321 |   2265 |   1301 |   5 | 1301.6 |
  Orcish Mines |   1141 |   1070 |     71 |    220 |    206 |   2 |  570.5 |
               +--------+--------+--------+--------+--------+-----+--------+

Top non-repeatable levels by time:
  Lair:3: 1807 daAuts
  Lair:4: 1636 daAuts
     D:6: 1205 daAuts
     D:7: 1181 daAuts
  Lair:2: 1163 daAuts
     D:9: 1148 daAuts
    D:12: 1056 daAuts
  Lair:1: 1009 daAuts
  Lair:5: 892 daAuts
     D:3: 855 daAuts
     D:1: 823 daAuts
     D:8: 742 daAuts
    D:11: 721 daAuts
   Orc:2: 712 daAuts
     D:2: 655 daAuts
